[Event "Team 45 45 League T97"]
[Site "Internet Chess Club"]
[Date "2023.08.15"]
[Round "1"]
[White "Alec-hine"]
[Black "Portola"]
[Result "1-0"]
[WhiteElo "1931"]
[BlackElo "1707"]
[Opening "QGD: Orthodox defense, Botvinnik variation"]
[ECO "D60"]
[Time "16:00:19"]
[PlyCount "113"]
[TimeControl "2700+45"]

1. d4 d5 2. c4 e6 3. Nf3 Nf6 4. Nc3 Be7 5. Bg5 Nbd7 6. e3 O-O 7. Bd3 c6 8. O-O
Nh5 9. Bxe7 Qxe7 10. Rc1 Nhf6 11. Qe2 dxc4 12. Bxc4 Nd5 13. Rfd1 b5 14. Bd3 a6
15. Ne4 Bb7 16. a3 h6 17. Rd2 Rac8 18. Rdc2 f5 19. Nc5 Nxc5 20. Rxc5 Rfd8 21.
Ne5 Qe8 22. Qc2 Ne7 23. a4 g6 24. Be2 Rd5 25. Rc3 Kg7 26. Bf3 Rd6 27. Nd3 Nd5
28. Bxd5 exd5 29. Ne5 Qe6 30. b4 Rc7 31. h3 g5 32. Qa2 bxa4 33. Qxa4 Qe8 34. Rc5
h5 35. Qc2 Qe6 36. Qe2 Kh6 37. Qf3 Qf6 38. b5 axb5 39. Rxb5 g4 40. Qg3 gxh3 41.
Qxh3 Rg7 42. Rb6 f4 43. Rcb1 Ba8 44. Rb8 Rd8 45. Rxd8 Qxd8 46. Qe6+ Kh7 47. Qf5+
Kg8 48. exf4 Qe8 49. Rb3 h4 50. Rh3 c5 51. Rxh4 cxd4 52. Qh3 Kf8 53. Rh8+ Rg8
54. Qh6+ Ke7 55. Rh7+ Kd8 56. Qd6+ Kc8 57. Qc7# {Black checkmated} 1-0

[Event "Team 45 45 League T97"]
[Site "Internet Chess Club"]
[Date "2023.08.11"]
[Round "1"]
[White "ElValero"]
[Black "timcent"]
[Result "1/2-1/2"]
[WhiteElo "1709"]
[BlackElo "1894"]
[Opening "English: Neo-Catalan"]
[ECO "A13"]
[Time "09:00:06"]
[PlyCount "82"]
[TimeControl "2700+45"]

1. Nf3 Nf6 2. c4 e6 3. g3 d5 4. d4 Bb4+ 5. Bd2 Bxd2+ 6. Nbxd2 O-O 7. Bg2 Bd7 8.
O-O Bc6 9. c5 Bb5 10. a4 Ba6 11. b4 c6 12. Rb1 b5 13. a5 Nbd7 14. Qc2 Qc7 15.
Qc3 Rae8 16. Ne5 Nxe5 17. dxe5 Nd7 18. f4 f6 19. exf6 Nxf6 20. e4 Bc8 21. e5 Nd7
22. Nf3 Rf7 23. Ng5 Rfe7 24. Qd3 Nf8 25. h4 h6 26. Nf3 Bd7 27. Nd4 Rd8 28. Rbe1
Be8 29. Qe3 Bg6 30. g4 Rde8 31. h5 Bh7 32. g5 Bf5 33. Bh3 Bxh3 34. Qxh3 Nh7 35.
g6 Nf8 36. Re3 Rc8 37. Ref3 Ree8 38. Ne2 Rcd8 39. Nd4 Rc8 40. Ne2 Rcd8 41. Nd4
Rc8 {Game drawn by repetition} 1/2-1/2

[Event "Team 45 45 League T97"]
[Site "Internet Chess Club"]
[Date "2023.08.14"]
[Round "1"]
[White "DaveTheRook"]
[Black "mongmong"]
[Result "0-1"]
[WhiteElo "1475"]
[BlackElo "1528"]
[Opening "Queen's Indian: 4.Nc3"]
[ECO "E12"]
[Time "18:00:43"]
[PlyCount "74"]
[TimeControl "2700+45"]

1. c4 e6 2. d4 Nf6 3. Nf3 b6 4. Nc3 Bb4 5. a3 Bxc3+ 6. bxc3 Bb7 7. e3 O-O 8. Be2
c5 9. O-O d6 10. Qc2 Be4 11. Qd1 Qe7 12. Bd3 Nbd7 13. Bxe4 Nxe4 14. Nd2 Nxd2 15.
Bxd2 e5 16. d5 f5 17. f3 e4 18. fxe4 Qxe4 19. Qb1 Qxb1 20. Raxb1 Ne5 21. e4 Nxc4
22. Bf4 fxe4 23. a4 Rf7 24. Bg3 Raf8 25. Rxf7 Rxf7 26. Re1 e3 27. Rf1 Rxf1+ 28.
Kxf1 Kf7 29. Ke2 Kf6 30. Kd3 Ne5+ 31. Kxe3 Kf5 32. Bxe5 Kxe5 33. c4 a6 34. Kd3
b5 35. cxb5 axb5 36. axb5 Kxd5 37. b6 Kc6 {White resigns} 0-1

[Event "Team 45 45 League T97"]
[Site "Internet Chess Club"]
[Date "2023.08.13"]
[Round "1"]
[White "burlap"]
[Black "seattleblues"]
[Result "0-1"]
[WhiteElo "1313"]
[BlackElo "1353"]
[Opening "Queen's pawn, Mason variation"]
[ECO "D00"]
[Time "21:00:21"]
[PlyCount "34"]
[TimeControl "2700+45"]

1. d4 d5 2. Bf4 Nf6 3. e3 Bf5 4. h3 e6 5. Nd2 c5 6. c3 Nc6 7. Ngf3 Be7 8. Be2
Qb6 9. Qc1 Rc8 10. Nh4 Be4 11. Nxe4 Nxe4 12. Bd3 Bxh4 13. g3 Be7 14. f3 Nf6 15.
e4 cxd4 16. cxd4 Qxd4 17. Qc3 Bb4 {White resigns} 0-1

[Event "Team 45 45 League T97"]
[Site "Internet Chess Club"]
[Date "2023.08.14"]
[Round "1"]
[White "Packerfan"]
[Black "VictorRed"]
[Result "1-0"]
[WhiteElo "1733"]
[BlackElo "1697"]
[Opening "English: symmetrical variation"]
[ECO "A34"]
[Time "14:03:32"]
[PlyCount "103"]
[TimeControl "2700+45"]

1. c4 c5 2. Nc3 g6 3. g3 Bg7 4. Bg2 Nf6 5. d3 O-O 6. e4 e5 7. Nge2 d6 8. O-O Bg4
9. h3 Be6 10. a3 Qd7 11. Kh2 Nc6 12. Nd5 Ne8 13. Rb1 f5 14. f4 fxe4 15. dxe4 Nd4
16. Nxd4 cxd4 17. Qd3 Nc7 18. Bd2 Rab8 19. Rfc1 b6 20. b4 Ne8 21. c5 bxc5 22.
bxc5 Rxb1 23. Qxb1 Bxd5 24. exd5 dxc5 25. Rxc5 Nd6 26. fxe5 Bxe5 27. Qc1 Nf5 28.
Bf4 Qd6 29. Rc6 Bxf4 30. Qxf4 Qxf4 31. gxf4 Ne3 32. d6 Rd8 33. Be4 Rd7 34. Kg3
Kf7 35. Kf3 Ke6 36. Bd3 Rxd6 37. Rc7 Rd7 38. Rxd7 Kxd7 39. Ke4 Nf5 40. Kd5 h6
41. Bxf5+ gxf5 42. Kxd4 Kd6 43. Kc4 a6 44. Kd4 h5 45. h4 a5 46. a4 Kc6 47. Ke5
Kc5 48. Kxf5 Kb4 49. Kg6 Kxa4 50. f5 Kb3 51. f6 a4 52. f7 {Black resigns} 1-0

[Event "Team 45 45 League T97"]
[Site "Internet Chess Club"]
[Date "2023.08.11"]
[Round "1"]
[White "Sandrotov"]
[Black "ivanson"]
[Result "1/2-1/2"]
[WhiteElo "1644"]
[BlackElo "1601"]
[Opening "English: Anglo-Dutch defense"]
[ECO "A10"]
[Time "15:00:33"]
[PlyCount "67"]
[TimeControl "2700+45"]

1. c4 f5 2. Nc3 Nf6 3. g3 g6 4. Bg2 Bg7 5. e3 O-O 6. Nge2 d6 7. O-O c6 8. d4 e5
9. d5 c5 10. Rb1 Na6 11. a3 Bd7 12. b4 cxb4 13. axb4 Rc8 14. Qb3 Kh8 15. Nd1 Qc7
16. Nb2 Qb6 17. Bd2 Nc5 18. Qa3 Na6 19. Rfc1 Qd8 20. c5 dxc5 21. bxc5 e4 22. Nd1
Nxd5 23. Rxb7 Nb8 24. Nd4 a6 25. Ba5 Qf6 26. Qb3 Bc6 27. Nxc6 Qxc6 28. Nc3 Qxc5
29. Ne2 Qxa5 30. Rxc8 Rxc8 31. Rxb8 Ne7 32. Rxc8+ Nxc8 33. Qb7 Qd8 34. Qxa6
{Game drawn by mutual agreement} 1/2-1/2

[Event "Team 45 45 League T97"]
[Site "Internet Chess Club"]
[Date "2023.08.11"]
[Round "1"]
[White "justice02"]
[Black "THE-WARRIOR"]
[Result "1-0"]
[WhiteElo "1680"]
[BlackElo "1598"]
[Opening "Réti: advance variation"]
[ECO "A09"]
[Time "14:30:09"]
[PlyCount "73"]
[TimeControl "2700+45"]

1. Nf3 d5 2. c4 d4 3. d3 c5 4. g3 Nc6 5. Bg2 Nf6 6. O-O e6 7. Na3 a6 8. Nc2 e5
9. Bd2 Bd6 10. Rb1 Qe7 11. e3 O-O 12. exd4 cxd4 13. Re1 Qc7 14. b4 Re8 15. c5
Bf8 16. Bg5 Nd5 17. Bd2 Bg4 18. h3 Bh5 19. Qc1 Rad8 20. Nh4 Qd7 21. g4 Bg6 22.
Nxg6 hxg6 23. a4 Na7 24. Qa3 Rb8 25. Qb3 Nf6 26. f4 Qc7 27. fxe5 Rxe5 28. Nxd4
Rxe1+ 29. Rxe1 Qg3 30. Rf1 Qe5 31. Nf3 Qc7 32. Ng5 Rd8 33. Bf4 Qd7 34. Be5 Qxd3
35. Qxf7+ Kh8 36. Bxf6 Qe3+ 37. Kh1 {Black resigns} 1-0

[Event "Team 45 45 League T97"]
[Site "Internet Chess Club"]
[Date "2023.08.13"]
[Round "1"]
[White "julesraider"]
[Black "ChessG2011"]
[Result "1-0"]
[WhiteElo "1602"]
[BlackElo "1414"]
[Opening "Grünfeld: exchange variation"]
[ECO "D85"]
[Time "20:05:04"]
[PlyCount "191"]
[TimeControl "2700+45"]

1. d4 Nf6 2. c4 g6 3. Nc3 d5 4. cxd5 Nxd5 5. e4 Nxc3 6. bxc3 Bg7 7. Rb1 c5 8.
Nf3 O-O 9. Be2 Qc7 10. h4 Bg4 11. Qb3 Bxf3 12. Bxf3 b6 13. h5 Nd7 14. hxg6 hxg6
15. e5 cxd4 16. Bxa8 Qxe5+ 17. Kf1 Rxa8 18. cxd4 Qxd4 19. Be3 Qc3 20. Qd5 Qc8
21. Rd1 Nf6 22. Qb3 Qa6+ 23. Kg1 Qb7 24. Rh4 Nh5 25. Rg4 e6 26. Qb5 Nf6 27. Rc4
Nd5 28. Rdc1 Nxe3 29. fxe3 Rd8 30. Qg5 Qd5 31. Qxd8+ Qxd8 32. Rc8 Qf8 33. R1c7
Qxc8 34. Rxc8+ Bf8 35. Ra8 a5 36. Rb8 Kg7 37. Rxb6 Bc5 38. Rb5 Bxe3+ 39. Kf1 Bd2
40. Ke2 Bb4 41. Kf3 Kf6 42. Ke4 g5 43. g4 Kg6 44. Rb6 Kf6 45. Rc6 Ke7 46. Rc7+
Kf6 47. Rb7 Kg6 48. Rb6 Kf6 49. Rb5 Kg6 50. Rb6 Kf6 51. Ra6 Ke7 52. a3 Bxa3 53.
Rxa5 Bc1 54. Ra7+ Kf6 55. Ra6 Bf4 56. Kd4 Be5+ 57. Kc5 Bf4 58. Kd4 Be5+ 59. Ke4
Bf4 60. Ra7 Be5 61. Rd7 Bf4 62. Rb7 Be5 63. Rb5 Bf4 64. Kd4 Ke7 65. Kc4 Kf6 66.
Rc5 Be3 67. Rb5 Kg6 68. Kd3 Bf4 69. Ke4 Kf6 70. Ra5 Kg6 71. Ra6 Kf6 72. Kd4 Be5+
73. Kd3 Bg3 74. Ra7 Kg6 75. Ke4 f5+ 76. gxf5+ exf5+ 77. Kf3 Bh4 78. Ra6+ Kh5 79.
Ra5 f4 80. Ra8 Kg6 81. Kg4 Kf6 82. Ra5 Ke6 83. Kf3 Kf6 84. Ke4 Bg3 85. Ra6+ Kf7
86. Kf3 Bh4 87. Kg4 Ke7 88. Kf3 Kf7 89. Ke4 Ke7 90. Rb6 Kf7 91. Ke5 Ke7 92. Rb7+
Kd8 93. Kd6 Kc8 94. Rc7+ Kd8 95. Rh7 f3 96. Rh8# {Black checkmated} 1-0

[Event "Team 45 45 League T97"]
[Site "Internet Chess Club"]
[Date "2023.08.12"]
[Round "1"]
[White "MichaelIC"]
[Black "primerpaso"]
[Result "1-0"]
[WhiteElo "2068"]
[BlackElo "1750"]
[Opening "Nimzo-Indian: 4.e3 c5, 5.Ne2 (Rubinstein, anti-Hübner system)"]
[ECO "E42"]
[Time "14:10:58"]
[PlyCount "47"]
[TimeControl "2700+45"]

1. d4 Nf6 2. c4 e6 3. Nc3 Bb4 4. e3 c5 5. Ne2 d5 6. a3 Bxc3+ 7. Nxc3 cxd4 8.
exd4 O-O 9. c5 a5 10. Bf4 Ne8 11. Bd3 Nc6 12. O-O b6 13. Qa4 Bb7 14. cxb6 Qxb6
15. Nb5 Na7 16. Nxa7 Rxa7 17. Rac1 Ba6 18. Rc6 Qb7 19. Bxa6 Rxa6 20. Rxa6 Qxa6
21. b4 Qc4 22. Qxa5 Qxd4 23. Be3 Qe5 24. Bc5 {Black resigns} 1-0

[Event "Team 45 45 League T97"]
[Site "Internet Chess Club"]
[Date "2023.08.11"]
[Round "1"]
[White "fishhead"]
[Black "Fischeresque930"]
[Result "0-1"]
[WhiteElo "1615"]
[BlackElo "2023"]
[Opening "Caro-Kann: two knights variation"]
[ECO "B10"]
[Time "12:00:16"]
[PlyCount "108"]
[TimeControl "2700+45"]

1. e4 c6 2. Nf3 d5 3. Nc3 dxe4 4. Nxe4 Bg4 5. h3 Bxf3 6. Qxf3 Nd7 7. d3 Ngf6 8.
a3 g6 9. g4 Bg7 10. Bg2 h6 11. O-O O-O 12. Bf4 Nd5 13. Bg3 f5 14. gxf5 gxf5 15.
Nd2 f4 16. Bh4 Ne5 17. Qe4 f3 18. Nxf3 Rf4 19. Nxe5 Rxe4 20. dxe4 Nf4 21. Nd3
Ng6 22. Bg3 e5 23. Rad1 Qg5 24. Nc5 Qe7 25. b4 b6 26. Nd3 h5 27. Bf3 Qg5 28. Kh1
Rf8 29. Be2 h4 30. Bh2 Kh7 31. Rg1 Qe7 32. Bg4 Nf4 33. Nxf4 exf4 34. Rd7 Qxe4+
35. f3 Qxc2 36. Be6 Qc3 37. Rgxg7+ Qxg7 38. Rxg7+ Kxg7 39. Kg2 Kg6 40. Kf1 Kg5
41. Bg1 Rd8 42. Bc4 Rd1+ 43. Kg2 Ra1 44. Bd4 Rxa3 45. Be5 Kf5 46. Bd6 Rc3 47.
Ba6 Re3 48. Bb7 Kg5 49. Bb8 c5 50. bxc5 bxc5 51. Bc7 c4 52. Be4 c3 53. Ba5 c2
54. Bd8+ Kh5 {White resigns} 0-1

[Event "Team 45 45 League T97"]
[Site "Internet Chess Club"]
[Date "2023.08.12"]
[Round "1"]
[White "stantheman59"]
[Black "zethhon"]
[Result "0-1"]
[WhiteElo "1116"]
[BlackElo "1476"]
[Opening "Queen's pawn: London system"]
[ECO "A45"]
[Time "09:02:14"]
[PlyCount "78"]
[TimeControl "2700+45"]

1. d4 Nf6 2. Bf4 e6 3. c3 d5 4. e3 Bd6 5. Bg3 c5 6. Nf3 Qc7 7. Ne5 Nbd7 8. Bb5
O-O 9. Nxd7 Bxd7 10. Bxd7 Qxd7 11. Nd2 Rfe8 12. Nf3 Ne4 13. Ne5 Qc7 14. Qf3 Nxg3
15. fxg3 Bxe5 16. dxe5 Qxe5 17. O-O Rf8 18. Qf4 Qb8 19. Qxb8 Raxb8 20. a4 a6 21.
Rfb1 Ra8 22. Kf2 b5 23. b3 Rfc8 24. Ra2 b4 25. c4 dxc4 26. bxc4 Rd8 27. Ke2 a5
28. Rbb2 Rd6 29. Rd2 Rad8 30. Rxd6 Rxd6 31. Rd2 Rxd2+ 32. Kxd2 Kf8 33. e4 Ke7
34. g4 Kd6 35. Kd3 Ke5 36. g3 f6 37. h4 g6 38. g5 f5 39. exf5 Kxf5 {White
resigns} 0-1

[Event "Team 45 45 League T97"]
[Site "Internet Chess Club"]
[Date "2023.08.14"]
[Round "1"]
[White "walkover"]
[Black "Redman1"]
[Result "1-0"]
[WhiteElo "1717"]
[BlackElo "1572"]
[Opening "Nimzo-Indian: Sämisch variation"]
[ECO "E29"]
[Time "14:00:41"]
[PlyCount "51"]
[TimeControl "2700+45"]

1. d4 Nf6 2. c4 e6 3. Nc3 Bb4 4. a3 Bxc3+ 5. bxc3 O-O 6. e3 c5 7. Bd3 d5 8. cxd5
exd5 9. Ne2 Nc6 10. O-O Re8 11. f3 Qa5 12. Bd2 c4 13. Bc2 Qc7 14. Ng3 a6 15. e4
dxe4 16. fxe4 Bg4 17. Qb1 b5 18. e5 Nd5 19. Bxh7+ Kh8 20. Bf5 Bxf5 21. Qxf5 Kg8
22. Ne4 Re7 23. Ng5 g6 24. Qh3 f6 25. exf6 Re2 26. f7+ {Black resigns} 1-0

[Event "Team 45 45 League T97"]
[Site "Internet Chess Club"]
[Date "2023.08.13"]
[Round "1"]
[White "MrAbendroth"]
[Black "ElValero"]
[Result "0-1"]
[WhiteElo "1605"]
[BlackElo "1705"]
[Opening "French: Rubinstein variation"]
[ECO "C10"]
[Time "10:00:25"]
[PlyCount "32"]
[TimeControl "2700+45"]

1. e4 e6 2. d4 d5 3. Nc3 dxe4 4. Nxe4 Nd7 5. Nf3 Be7 6. Bd3 Ngf6 7. O-O c5 8. c3
Nxe4 9. Bxe4 Nf6 10. Bc2 O-O 11. Ne5 cxd4 12. cxd4 Bd7 13. Be3 Rc8 14. Rc1 Bb5
15. Re1 Bb4 16. Qe2 Bxe2 {White resigns} 0-1

[Event "Team 45 45 League T97"]
[Site "Internet Chess Club"]
[Date "2023.08.12"]
[Round "1"]
[White "ElValero"]
[Black "fhunfi"]
[Result "0-1"]
[WhiteElo "1692"]
[BlackElo "1709"]
[Opening "Bogo-Indian defense, Nimzovich variation"]
[ECO "E11"]
[Time "06:01:18"]
[PlyCount "61"]
[TimeControl "2700+45"]

1. d4 e6 2. c4 Nf6 3. Nf3 Bb4+ 4. Bd2 Qe7 5. g3 O-O 6. Bg2 Bxd2+ 7. Nbxd2 d6 8.
e4 e5 9. O-O c5 10. d5 Ne8 11. Ne1 f5 12. exf5 Bxf5 13. Be4 g6 14. Qe2 Ng7 15.
Nd3 Nd7 16. b4 cxb4 17. Nxb4 Nc5 18. Nd3 b6 19. Nxc5 bxc5 20. Rab1 Rab8 21. Qd3
Bxe4 22. Nxe4 Nf5 23. Rxb8 Rxb8 24. Rb1 Qd8 25. h4 Nd4 26. Rxb8 Qxb8 27. h5 Qf8
28. hxg6 hxg6 29. Kg2 Qf5 30. Qe3 Nc2 31. Qf3 {White resigns} 0-1

[Event "Team 45 45 League T97"]
[Site "Internet Chess Club"]
[Date "2023.08.12"]
[Round "1"]
[White "WillC"]
[Black "julesraider"]
[Result "0-1"]
[WhiteElo "1547"]
[BlackElo "1580"]
[Opening "King's Indian: fianchetto without c4"]
[ECO "A49"]
[Time "15:06:55"]
[PlyCount "78"]
[TimeControl "2700+45"]

1. d4 Nf6 2. Nf3 g6 3. g3 Bg7 4. Bg2 d5 5. b3 O-O 6. Bb2 Nbd7 7. O-O Ne4 8. Nbd2
Ndf6 9. c4 c6 10. Rc1 Qa5 11. a3 Bh6 12. b4 Qd8 13. Rc2 Bf5 14. Nh4 Nxd2 15.
Nxf5 Nxf1 16. Nxh6+ Kg7 17. Bc1 Nxg3 18. hxg3 Qd7 19. f3 Nh5 20. Kf2 Qc7 21. f4
Kxh6 22. f5+ Kg7 23. Qh1 Qxg3+ 24. Kf1 Qb3 25. Rb2 Qc3 26. Kf2 Qxd4+ 27. e3 Qxc4
28. Bf3 Nf6 29. e4 Qd4+ 30. Kg3 h5 31. Rh2 dxe4 32. Be2 Qc3+ 33. Kg2 Rad8 34.
Bg5 Qb2 35. Bxf6+ exf6 36. Qf1 Rd2 37. Kh1 Rfd8 38. fxg6 fxg6 39. Rf2 R8d5
{White resigns} 0-1

[Event "Team 45 45 League T97"]
[Site "Internet Chess Club"]
[Date "2023.08.13"]
[Round "1"]
[White "Gilguli"]
[Black "BrerRabbit"]
[Result "1-0"]
[WhiteElo "1470"]
[BlackElo "1381"]
[Opening "Caro-Kann: advance variation"]
[ECO "B12"]
[Time "15:31:58"]
[PlyCount "63"]
[TimeControl "2700+45"]

1. e4 c6 2. d4 d5 3. e5 c5 4. c3 Nc6 5. Ne2 cxd4 6. cxd4 Bf5 7. f4 h6 8. g3 Be4
9. Rg1 e6 10. Nbc3 Bh7 11. Bh3 Bb4 12. a3 Ba5 13. b4 Bb6 14. Kf2 Nge7 15. Kg2
Nf5 16. Nb5 a6 17. Bxf5 axb5 18. Bxh7 Rxh7 19. Qd3 Rh8 20. Qxb5 Ke7 21. Be3 Na7
22. Qd3 Qd7 23. g4 Nc6 24. Ng3 g6 25. f5 gxf5 26. gxf5 Rag8 27. f6+ Ke8 28. h4
Rg4 29. Kh3 Rhg8 30. Nh5 Rxg1 31. Rxg1 Kf8 32. Bxh6+ {Black resigns} 1-0

[Event "Team 45 45 League T97"]
[Site "Internet Chess Club"]
[Date "2023.08.12"]
[Round "1"]
[White "BIRDSMAN"]
[Black "Toalla"]
[Result "1-0"]
[WhiteElo "1443"]
[BlackElo "1108"]
[Opening "Robatsch defense: two knights variation"]
[ECO "B07"]
[Time "15:00:29"]
[PlyCount "97"]
[TimeControl "2700+45"]

1. d4 d6 2. e4 g6 3. Nc3 Bg7 4. Nf3 e6 5. Bg5 Ne7 6. Qd2 O-O 7. O-O-O Nd7 8. Be2
c5 9. d5 Nb6 10. Kb1 e5 11. g4 f6 12. Be3 Rb8 13. h4 Nd7 14. h5 g5 15. a4 a6 16.
Bd3 Qa5 17. Qe2 Nb6 18. b3 Bd7 19. Bd2 Nbc8 20. Ne1 Na7 21. Nb5 Qb6 22. a5 Qd8
23. Nxd6 b5 24. axb6 Qxb6 25. Nc4 Qd8 26. Ng2 Nb5 27. Nce3 Nd4 28. Qf1 Nxb3 29.
cxb3 Rxb3+ 30. Ka2 Qb6 31. Rb1 Rxb1 32. Qxb1 Qxb1+ 33. Rxb1 Ra8 34. Nf5 Nxf5 35.
gxf5 Bb5 36. Ne1 Bf8 37. Rc1 Rc8 38. Bc4 Kf7 39. Be3 Ke8 40. Nd3 Bxc4+ 41. Rxc4
h6 42. Bxc5 Bg7 43. Rc1 Kd7 44. Be3 Bf8 45. Rxc8 Kxc8 46. Bc5 Bg7 47. Kb3 Kc7
48. Kc4 Kb7 49. Nb4 {Black resigns} 1-0

[Event "Team 45 45 League T97"]
[Site "Internet Chess Club"]
[Date "2023.08.12"]
[Round "1"]
[White "KidRattler"]
[Black "Gojira"]
[Result "1/2-1/2"]
[WhiteElo "1681"]
[BlackElo "1605"]
[Opening "Sicilian: accelerated fianchetto, modern variation"]
[ECO "B34"]
[Time "05:30:32"]
[PlyCount "101"]
[TimeControl "2700+45"]

1. e4 c5 2. Nf3 g6 3. d4 cxd4 4. Nxd4 Nc6 5. Nc3 Nf6 6. Be3 Bg7 7. Be2 O-O 8.
O-O d5 9. exd5 Nxd5 10. Nxd5 Nxd4 11. Bxd4 Qxd5 12. Bxg7 Qxd1 13. Raxd1 Kxg7 14.
Bf3 Bf5 15. Rd2 Rfd8 16. Rfd1 Rxd2 17. Rxd2 Rc8 18. c3 Rc7 19. Kf1 b6 20. Ke2
Kf6 21. g4 Be6 22. a3 Rd7 23. Rxd7 Bxd7 24. h4 Ke5 25. Ke3 h6 26. Bd1 e6 27. f4+
Kd6 28. g5 hxg5 29. hxg5 e5 30. Bb3 Be6 31. Bd1 Bd5 32. Be2 Bb3 33. Bd3 exf4+
34. Kxf4 Ke6 35. Ke4 f5+ 36. gxf6 Kxf6 37. c4 g5 38. Be2 Ke6 39. Bg4+ Kd6 40.
Kd4 Ba4 41. b4 Bd7 42. Bxd7 Kxd7 43. Ke5 a6 44. Kf5 Kd6 45. a4 a5 46. bxa5 bxa5
47. Kxg5 Kc5 48. Kf4 Kxc4 49. Ke4 Kb4 50. Kd3 Kxa4 51. Kc2 {Game drawn by mutual
agreement} 1/2-1/2

[Event "Team 45 45 League T97"]
[Site "Internet Chess Club"]
[Date "2023.08.12"]
[Round "1"]
[White "Rookmaster"]
[Black "fireball"]
[Result "1/2-1/2"]
[WhiteElo "1572"]
[BlackElo "1546"]
[Opening "French: Two knights variation"]
[ECO "C00"]
[Time "08:00:24"]
[PlyCount "85"]
[TimeControl "2700+45"]

1. e4 e6 2. Nf3 d5 3. Nc3 Nf6 4. e5 Nfd7 5. d4 c5 6. dxc5 Nc6 7. Bf4 Bxc5 8. Bd3
h6 9. Bg3 Qa5 10. O-O d4 11. Ne4 Be7 12. Qd2 Qxd2 13. Nexd2 O-O 14. Nb3 Bc5 15.
Be4 Bb6 16. Bxc6 bxc6 17. Nbxd4 Bb7 18. c3 c5 19. Nc2 Bxf3 20. gxf3 f5 21. exf6
Rxf6 22. Rad1 Nf8 23. Kg2 Ng6 24. Rd7 Nf4+ 25. Bxf4 Rxf4 26. Rfd1 Raf8 27. Ne1
R8f6 28. Re7 Rg6+ 29. Kf1 Rh4 30. Rd6 Rxh2 31. c4 Rh1+ 32. Ke2 Rgg1 33. Nd3 h5
34. Rdxe6 h4 35. Re8+ Kh7 36. f4 h3 37. Rc8 h2 38. Kf3 Rd1 39. Kg2 Rdg1+ 40. Kf3
Rd1 41. Kg2 Rdg1+ 42. Kf3 Rd1 43. Kg2 {Game drawn by repetition} 1/2-1/2

[Event "Team 45 45 League T97"]
[Site "Internet Chess Club"]
[Date "2023.08.12"]
[Round "1"]
[White "vollmerj"]
[Black "BlueStorm"]
[Result "1/2-1/2"]
[WhiteElo "1516"]
[BlackElo "1523"]
[Opening "Réti: King's Indian attack (Barcza system)"]
[ECO "A07"]
[Time "19:03:27"]
[PlyCount "105"]
[TimeControl "2700+45"]

1. Nf3 d5 2. g3 c6 3. Bg2 Bf5 4. c3 e6 5. Qb3 Qb6 6. Qxb6 axb6 7. Nd4 Bg6 8. a3
Bc5 9. O-O Ne7 10. d3 Nd7 11. Nd2 O-O 12. N2b3 Bd6 13. e4 Nc5 14. Nxc5 Bxc5 15.
Nb3 Bd6 16. f4 dxe4 17. dxe4 Rfd8 18. Be3 Bc7 19. Rfd1 c5 20. Kf2 Bh5 21. Bf3
Bxf3 22. Kxf3 Nc6 23. Ke2 Kf8 24. Rxd8+ Rxd8 25. Rd1 Rxd1 26. Kxd1 Ke7 27. Nd2
Kd7 28. b4 Bd6 29. Nc4 Kc7 30. e5 Be7 31. b5 Na5 32. Nxa5 bxa5 33. a4 b6 34. c4
Kd7 35. Ke2 f5 36. Kf3 g6 37. g4 Ke8 38. Bf2 Kf7 39. gxf5 gxf5 40. Kg3 Kg6 41.
Kh3 Kh5 42. Be1 Bd8 43. Bf2 Be7 44. Be1 Bd8 45. Bf2 Be7 46. Be3 Bd8 47. Bd2 Be7
48. Kg3 Bd8 49. h3 Be7 50. Kg2 Bd8 51. Be1 Be7 52. Kf3 Bd8 53. Bf2 {Game drawn
by mutual agreement} 1/2-1/2

[Event "Team 45 45 League T97"]
[Site "Internet Chess Club"]
[Date "2023.08.11"]
[Round "1"]
[White "trogers41"]
[Black "smsxman"]
[Result "1-0"]
[WhiteElo "1456"]
[BlackElo "1462"]
[Opening "Scandinavian (center counter) defense"]
[ECO "B01"]
[Time "10:00:12"]
[PlyCount "115"]
[TimeControl "2700+45"]

1. e4 d5 2. exd5 Qxd5 3. Nc3 Qd8 4. d4 c5 5. Bb5+ Nc6 6. d5 a6 7. dxc6 Qxd1+ 8.
Kxd1 axb5 9. Nxb5 Ra5 10. Nc3 bxc6 11. Nf3 Bg4 12. Be3 e6 13. Ke2 Nf6 14. h3
Bxf3+ 15. Kxf3 Be7 16. Rhd1 O-O 17. a3 Raa8 18. Ne4 Nxe4 19. Kxe4 f5+ 20. Kf3 e5
21. Rd7 Bf6 22. Rad1 e4+ 23. Ke2 Bxb2 24. Bxc5 Rfc8 25. Rb7 Bf6 26. Rdd7 h6 27.
Rdc7 Rxc7 28. Rxc7 Ra6 29. f3 exf3+ 30. Kxf3 Kh7 31. Ra7 Rxa7 32. Bxa7 Be7 33.
a4 Bb4 34. Bb6 Bd6 35. a5 Kg8 36. a6 Bb8 37. a7 Bxa7 38. Bxa7 Kf7 39. Kf4 Ke6
40. c4 g5+ 41. Ke3 h5 42. g3 Kd6 43. Bb8+ Kc5 44. Kd3 Kb4 45. Bd6+ Ka5 46. Be7
g4 47. h4 Kb6 48. c5+ Kc7 49. Ke3 Kd7 50. Bd6 Ke6 51. Kf4 Kf6 52. Bc7 Kg6 53.
Ke5 f4 54. Kxf4 Kf6 55. Bd8+ Kg6 56. Ke5 Kf7 57. Kd6 Ke8 58. Bg5 {Black resigns}
1-0

[Event "Team 45 45 League T97"]
[Site "Internet Chess Club"]
[Date "2023.08.09"]
[Round "1"]
[White "VicH66"]
[Black "QuieroAprender"]
[Result "1/2-1/2"]
[WhiteElo "1248"]
[BlackElo "1541"]
[Opening "Réti opening"]
[ECO "A04"]
[Time "20:06:48"]
[PlyCount "90"]
[TimeControl "2700+45"]

1. Nf3 d6 2. g3 e5 3. e4 Nc6 4. Bg2 Bg4 5. h3 Bd7 6. O-O Qc8 7. Kh2 Be7 8. Nc3
g6 9. d3 h5 10. Rh1 Nf6 11. Nd5 Nxd5 12. exd5 Nd8 13. Qe2 f5 14. d4 e4 15. Nh4
Bxh4 16. gxh4 Nf7 17. f3 Qd8 18. fxe4 O-O 19. Qf2 Qf6 20. Bd2 Rae8 21. Rae1 Kg7
22. Qf4 fxe4 23. Qxf6+ Kxf6 24. Bxe4 Bf5 25. Rhf1 Re7 26. Bxf5 Rxe1 27. Rxe1
Kxf5 28. Re7 Nd8 29. Bh6 Rf7 30. Re8 Rd7 31. Bg5 Nf7 32. Be3 a5 33. a4 b6 34. b3
Kf6 35. Re4 Re7 36. Rxe7 Kxe7 37. Bg5+ Kd7 38. Bf4 c6 39. dxc6+ Kxc6 40. Be3 Kd5
41. c4+ Ke4 42. Bg1 Kd3 43. c5 bxc5 44. dxc5 dxc5 45. Bxc5 Kc3 {Game drawn by
mutual agreement} 1/2-1/2

[Event "Team 45 45 League T97"]
[Site "Internet Chess Club"]
[Date "2023.08.10"]
[Round "1"]
[White "kabindra"]
[Black "burlap"]
[Result "1-0"]
[WhiteElo "1708"]
[BlackElo "1308"]
[Opening "French: advance, Milner-Barry gambit"]
[ECO "C02"]
[Time "12:00:08"]
[PlyCount "121"]
[TimeControl "2700+45"]

1. e4 e6 2. d4 d5 3. e5 c5 4. c3 Nc6 5. Nf3 Qb6 6. Bd3 Bd7 7. O-O cxd4 8. cxd4
Nxd4 9. Nbd2 Bc5 10. Nxd4 Bxd4 11. Nf3 Ne7 12. a4 Nc6 13. Bb5 Bc5 14. b4 Bxb4
15. Rb1 Be7 16. Be3 Qc7 17. Rc1 O-O 18. Qc2 Rac8 19. Bd3 g6 20. h4 Qd8 21. Qb1
Qa5 22. Qxb7 Qd8 23. Bxa7 Rc7 24. Qb6 Rxa7 25. Rxc6 Qxb6 26. Rxb6 Rxa4 27. Rb7
Rd8 28. Rc1 Kf8 29. Rcc7 Ra3 30. Rxd7 Rxd7 31. Rxd7 Rxd3 32. Kf1 h6 33. Ke2 Rc3
34. g3 g5 35. h5 g4 36. Nd4 Ke8 37. Rb7 f6 38. exf6 Bxf6 39. Nxe6 Rc2+ 40. Kf1
d4 41. Nf4 Rc3 42. Ke2 Bg5 43. Ne6 Rc4 44. Nxg5 hxg5 45. h6 Kf8 46. Rg7 Rc2+ 47.
Ke1 d3 48. Rxg5 d2+ 49. Kd1 Rc1+ 50. Kxd2 Rh1 51. Rg6 Kf7 52. Ra6 Kg8 53. Rg6+
Kh7 54. Rxg4 Rxh6 55. f4 Rf6 56. Ke3 Kh6 57. Ke4 Kh5 58. Rg5+ Kh6 59. Ke5 Rf7
60. g4 Re7+ 61. Kf6 {Black resigns} 1-0